AoeStats
← Macanas69

Enclosed

503113863Analyzed
2v2 EW · 1mo ago on Aug 30, 2026· 35m 59s· 4 players
Game mode
Empire Wars
Map size
Medium (4 player)
Population
200
Speed
Normal
Resources
Standard
Victory
Conquest
Starting age
Feudal Age
Ending age
Imperial Age
RankedLock teamsTeams togetherTeam positionsShared explorationLock speedFull tech treeHidden civsTurbo modeCheats
Victory
Defeat
🇺🇸 Cumans · United States
1281
+9
🇹🇼 Mapuche · Taiwan
1159
+14
🇪🇸 Koreans · Spain
1164
-13
🇪🇸 Muisca · Spain
1089
-10
Macanas69
2:21 Wheelbarrow
2:07 Champi Runner
5:18 Scale Mail Armor
5:29 Forging
5:16 Horse Collar
7:55 Gold Mining
8:48 Town Watch
15:34 Castle Age
16:30 Chain Mail Armor
16:51 Iron Casting
15:47 Champi Warrior
16:43 Squires
22:54 Gold Shaft Mining
23:10 Fletching
Doc1tA
1:54 Fletching
9:03 Castle Age
9:02 Double-Bit Axe
10:53 Bodkin Arrow
12:36 Crossbowman
16:33 Thumb Ring
19:09 Wheelbarrow
20:39 Horse Collar
21:08 Town Watch
22:06 Bow Saw
27:24 Imperial Age
25:22 Gold Mining
26:36 Hand Cart
27:30 Arbalester
28:52 Ballistics
31:23 Chemistry
RoscoeBrown
3:14 Fletching
4:47 Padded Archer Armor
8:56 Double-Bit Axe
12:09 Castle Age
10:19 Gold Mining
11:36 Forging
11:18 Horse Collar
12:17 Crossbowman
12:58 Bodkin Arrow
14:11 Leather Archer Armor
15:27 Capped Ram
16:03 Elite Skirmisher
19:17 Scale Barding Armor
21:46 Ballistics
21:50 Chain Barding Armor
26:55 Imperial Age
25:28 Stone Mining
28:47 Bloodlines
30:54 Thumb Ring
31:57 Ring Archer Armor
33:45 Chemistry
35:33 Plate Barding Armor
jimweichao
0:30 Champi Runner
3:13 Scale Mail Armor
5:14 Forging
6:10 Arson
11:26 Castle Age
11:01 Gold Mining
10:58 Double-Bit Axe
11:43 Champi Warrior
13:06 Iron Casting
13:26 Chain Mail Armor
13:00 Town Watch
33:45 Imperial Age
31:52 Wheelbarrow
31:53 Fletching
32:42 Gold Shaft Mining
32:18 Bow Saw
34:06 Capped Ram
35:46 Plate Mail Armor
36:48 Hand Cart
36:34 Town Patrol
Connection lost

Rejoining the realm…

Still unreachable

The connection could not be restored.

Session expired

The server has moved on; the page needs a fresh start.